 Dungeon Crawl Stone Soup version 0.30-a0-782-ge64f9170bb (webtiles) character file.

Game seed: 188615318867396149

333 Mesmaeker13 the Insei (level 6, -1/39 HPs)
             Began as an Octopode Transmuter on Mar 4, 2023.
             Killed from afar by an orc wizard (8 damage)
             ... with a puff of flame
             ... on level 5 of the Dungeon.
             The game lasted 00:10:59 (3686 turns).

Mesmaeker13 the Insei (Octopode Transmuter)         Turns: 3686, Time: 00:11:00

Health: -1/39      AC:  1    Str: 10    XL:     6   Next: 52%
Magic:  8/9        EV: 13    Int: 17    God:
Gold:   174        SH:  0    Dex: 18    Spells: 2/9 levels left

rFire   . . .      SeeInvis +    r - staff of cold
rCold   + + .      Faith    .    (no shield)
rNeg    . . .      Spirit   .    (helmet currently unavailable)
rPois   +          Reflect  .    e - amulet of the acrobat
rElec   .          Harm     .    A - ring of poison resistance
rCorr   .          Rampage  .    x - ring "Wirchum" {Dex+6 SInv}
Will    .....                    y - ring of protection from cold
Stlth   +++                      (no ring)
HPRegen 0.26/turn                (no ring)
MPRegen 0.11/turn                (no ring)
                                 (no ring)
                                 (no ring)

@: appendages
A: tentacle spike 3, almost no armour, amphibious, 8 rings, camouflage 1,
gelatinous body 1, (nimble swimmer 1), tentacles
a: End Transformation


You were on level 5 of the Dungeon.
One of your tentacles had grown a beastly spike.
You visited 2 branches of the dungeon, and saw 6 of its levels.

You collected 174 gold pieces.

Inventory:

Hand Weapons
 f - a +2 whip of pain
 i - a +2 short sword of electrocution
 o - a +2 sling of electrocution
 u - a +0 trident
Missiles
 d - 23 stones
 z - 3 boomerangs (quivered)
Armour
 l - a +0 buckler
Magical Staves
 r - a staff of cold (weapon)
Jewellery
 e - an amulet of the acrobat (around mantle)
 x - the ring "Wirchum" (right tentacle) {Dex+6 SInv}
   (You acquired it on level 3 of the Dungeon)

   [ring of dexterity]

   Dex:       It affects your dexterity (+6).
   SInv:      It lets you see invisible.
 y - a ring of protection from cold (on tentacle)
 A - a ring of poison resistance (left tentacle)
Scrolls
 b - a scroll of acquirement
 g - a scroll of torment {unknown}
 h - a scroll of vulnerability {unknown}
 q - a scroll of magic mapping {unknown}
 s - a scroll of immolation {unknown}
 t - a scroll of noise {unknown}
 w - a scroll of amnesia {unknown}
 B - a scroll of poison {unknown}
Potions
 a - 6 potions of lignification
 c - a potion of brilliance {unknown}
 j - 3 potions of curing
 k - 2 potions of heal wounds {unknown}
 m - 2 potions of flight {unknown}
 n - a potion of mutation {unknown}
 p - 2 potions of invisibility
 v - a potion of cancellation {unknown}
 C - a potion of attraction {unknown}


   Skills:
 - Level 2.3 Fighting
 - Level 2.0 Dodging
 + Level 4.7 Unarmed Combat
 - Level 2.0 Spellcasting
 + Level 4.1 Transmutations
 + Level 2.6 Ice Magic


You had 2 spell levels left.
You knew the following spells:

 Your Spells              Type           Power      Damage    Failure   Level
a - Beastly Appendage     Tmut           30%        N/A       3%          1
b - Wereblood             Tmut           15%        N/A       5%          2
c - Ice Form              Ice/Tmut       19%        N/A       43%         4

Your spell library contained the following spells:

 Spells                   Type           Power      Damage    Failure   Level
 Passwall                 Tmut/Erth      6%         N/A       12%         2
 Ensorcelled Hibernation  Hex/Ice        18%        N/A       17%         2
 Spider Form              Tmut/Pois      8%         N/A       24%         3
 Swiftness                Air            1%         N/A       50%         3


Dungeon Overview and Level Annotations

Branches:
Dungeon (5/15)             Temple (1/1) D:4

Altars:
Ashenzari
Elyvilon
Gozag
Hepliaklqana
Nemelex Xobeh
Okawaru
Ru
Sif Muna
Trog
Uskayaw
Yredelemnul
Zin
The Shining One


Innate Abilities, Weirdness & Mutations

One of your tentacles has grown a beastly spike.
You cannot wear most types of armour.
You are amphibious.
You can wear up to eight rings at the same time.
Your skin changes colour to match your surroundings (Stealth+).
Your rubbery body absorbs attacks. (AC +1, EV +1)
((You are camouflaged when in or above water. (Stealth+)))
You have tentacles for arms and can constrict up to eight enemies at once.


Message History

The iguana seems to slow down.
You pierce the iguana, but do no damage.
You squeeze the iguana.
You kill the iguana!
Your transformation is almost over.
You start resting.
Your tentacle spike disappears.
An orc wizard comes into view. It is wielding a +0 dagger.
An orc wizard is nearby!
Unknown command.
Casting: Beastly Appendage (safe; 3% risk of failure)
Confirm with . or Enter, or press ? or * to list all spells.
One of your tentacles grows a vicious spike.
The orc wizard shouts!
An orc priest and an orc come into view.
The orc shouts!
You hit the orc wizard. Your grab misses the orc wizard.
You pierce the orc wizard.
The orc wizard is heavily wounded.
The orc wizard hits you with a +0 dagger.
You hit the orc wizard. Your grab misses the orc wizard.
The orc wizard is severely wounded.
The orc priest calls upon Beogh to heal the orc wizard.
The orc wizard is healed somewhat.
The orc wizard hits you with a +0 dagger.
You hit the orc wizard. You grab the orc wizard.
You pierce the orc wizard, but do no damage.
The orc wizard is heavily wounded.
You constrict the orc wizard.
The orc throws a boomerang.
The boomerang closely misses you. The orc wizard barely misses you.
You hit the orc wizard but do no damage.
You pierce the orc wizard, but do no damage.
The orc wizard is severely wounded.
You constrict the orc wizard.
The orc priest invokes the aid of Beogh against you.
Beogh smites you!
* * * LOW HITPOINT WARNING * * *
The orc wizard gestures at you while chanting.
The puff of flame hits you!
You die...

####### .......
.######### .......
s.l......# .......
.#######.# #######
#.# # #.# ####
#########@## ...#
#>.......o.########
'''#
##..##.##.........)
...♣
##.##.##).........
...#♣
##'##.##.#oo...>..
#.#.#♣
#...#.##.#........
.#...#♣
##....##.#........
#.#.#.#♣
##...##.#........
...#...#♣
###.##.#........


You could see an orc priest, an orc wizard and an orc.

Vanquished Creatures
  A necrophage (D:5)
  A jelly (D:5)
  An orc priest (D:4)
  3 iguanas
  4 adders
  3 worms
  3 dart slugs
  12 orcs
  6 endoplasms
  3 giant cockroaches
  6 goblins
  3 hobgoblins
  2 jackals (D:1)
  2 quokkas
  8 ball pythons
  5 bats
  4 frilled lizards
  6 kobolds
  6 rats
79 creatures vanquished.

Notes
Turn   | Place    | Note
-------+----------+-------------------------------------------
     0 | D:1      | Mesmaeker13 the Octopode Transmuter began the quest for the
                  | Orb.
     0 | D:1      | Reached XP level 1. HP: 13/13 MP: 3/3
   132 | D:1      | Reached XP level 2. HP: 16/18 MP: 3/5
   135 | D:1      | Learned a level 2 spell: Wereblood
   662 | D:1      | Reached XP level 3. HP: 24/24 MP: 4/6
  1012 | D:2      | Found a glowing golden altar of the Shining One.
  1272 | D:2      | Reached XP level 4. HP: 26/29 MP: 4/7
  1386 | D:2      | Learned a level 4 spell: Ice Form
  1391 | D:2      | Identified a scroll of acquirement
  1547 | D:3      | You fall into a shaft and drop 1 floor!
  1649 | D:4      | Identified the +9 whip "Arcanum" {antimagic, Will+ Int+2}
  1911 | D:3      | Acquired the ring "Wirchum" {Dex+6 SInv}
  2737 | D:4      | Reached skill level 1 in Ice Magic
  2737 | D:4      | Reached XP level 5. HP: 20/34 MP: 6/8
  2893 | D:4      | Found a staircase to the Ecumenical Temple.
  2900 | Temple   | Entered the Ecumenical Temple
  3480 | D:5      | Entered Level 5 of the Dungeon
  3521 | D:5      | Reached XP level 6. HP: 33/39 MP: 7/9
  3686 | D:5      | Killed from afar by an orc wizard

Illustrated notes

Levels and vault maps discovered:
D:1:      heliophobic_arrival_henge, layout_rooms
D:2:      layout_loops_ring, basic_altar
D:3:      layout_basic
D:4:      layout_cave_pods, minmay_temple_entry_statues_fountains
D:5:      layout_basic, jmf_multi_god_temple, gammafunk_ghost_mausoleum,
          kennysheep_cluttered_room, nrook_pool_corridor,
          hangedman_decor_lopped, minmay_misc_feat_iff
Temple:   compressed_dpeg_triangle_lava_temple

Skill      XL: |  1  2  3  4  5 |
---------------+----------------+-----
Fighting       | 2 |  2.3
Transmutations | 3 4 |  4.1
Unarmed Combat | 4 |  4.7
Ice Magic      | 1 2 |  2.6
Dodging        | |  2.0
Spellcasting   | |  2.0

Action                     |  1- 3 |  4- 6 || total
---------------------------+-------+-------++-------
  Melee: Unarmed           |    86 |    44 ||   130
         Kick              |    21 |    38 ||    59
         Constrict         |    26 |    24 ||    50
         Punch             |     6 |     4 ||    10
         Tentacles         |    11 |    13 ||    24
         Staff             |       |    41 ||    41
   Fire: Sling             |       |    22 ||    22
  Throw: Boomerang         |       |     8 ||     8
   Cast: Beastly Appendage |    27 |    26 ||    53
         Wereblood         |     3 |     3 ||     6
    Use: Scroll            |       |     4 ||     4
         Potion            |       |     1 ||     1
   Stab: Sleeping          |     5 |     4 ||     9
 Armour: Skin              |    12 |     1 ||    13
  Dodge: Dodged            |    68 |    58 ||   126

Table legend: (Time is in decaauts)
 A = Elapsed time spent in this place.
 B = Non-inter-level travel time spent in this place.
 C = Inter-level travel time spent in this place.
 D = Time resting spent in this place.
 E = Time spent auto-exploring this place.
 F = Levels seen in this place.
 G = Mean time per level.
                   A        B        C        D        E       F      G
               +--------+--------+--------+--------+--------+-----+--------+
         Total |   3691 |   3576 |    115 |    417 |   2176 |   6 |  615.2 |
       Dungeon |   3509 |   3403 |    106 |    417 |   2029 |   5 |  701.8 |
        Temple |    181 |    172 |      9 |      0 |    147 |   1 |  181.0 |
               +--------+--------+--------+--------+--------+-----+--------+

Top non-repeatable levels by time:
     D:4: 895 daAuts
     D:3: 863 daAuts
     D:2: 825 daAuts
     D:1: 715 daAuts
     D:5: 210 daAuts
  Temple: 181 daAuts
